 Dungeon Crawl Stone Soup version 0.26-a0-631-ged93497179 (webtiles) character file.

Game seed: 9779055066495538787

95 Gargoyl the Skirmisher (level 4, -4/41 HPs)
             Began as a Gnoll Abyssal Knight on Sept 12, 2020.
             Was a Follower of Lugonu.
             Slain by Crazy Yiuf
             ... wielding a +3 quarterstaff of chaos
              (7 damage)
             ... on level 3 of the Dungeon.
             The game lasted 00:04:33 (3086 turns).

Gargoyl the Skirmisher (Gnoll Abyssal Knight)       Turns: 3086, Time: 00:04:34

Health: -4/41      AC: 10    Str: 15    XL:     4   Next: 65%
Magic:  7/7        EV:  5    Int: 14    God:    Lugonu [*.....]
Gold:   227        SH:  7    Dex: 15    Spells: 5/5 levels left

rFire    . . .     SeeInvis .   e - +0 trident (curse)
rCold    + . .     Faith    .   c - +0 kite shield
rNeg     . . .     Spirit   .   o - +1 chain mail {rC+}
rPois    .         Reflect  .   r - +0 helmet
rElec    .         Harm     .   (no cloak)
rCorr    .         Rampage  .   j - +0 pair of gloves
MR       .....                  f - +0 pair of boots
Stlth    ..........             (no amulet)
HPRegen  0.13/turn              (no ring)
MPRegen  0.10/turn              (no ring)

@: lightly drained
A: distributed training, fangs 1, deformed body, strong nose
a: Depart the Abyss, Renounce Religion


You were on level 3 of the Dungeon.
You worshipped Lugonu.
Lugonu was aware of your devotion.
You visited 1 branch of the dungeon, and saw 3 of its levels.
You visited the Abyss 1 time.

You collected 227 gold pieces.

Inventory:

Hand Weapons
 a - a +1 hand axe
 e - a cursed +0 trident (weapon)
 t - a cursed -2 quarterstaff
Armour
 c - a +0 kite shield (worn)
 f - a +0 pair of boots (worn)
 j - a +0 pair of gloves (worn)
 o - a +1 chain mail of cold resistance (worn)
 r - a +0 helmet (worn)
Wands
 b - a wand of polymorph (9)
Scrolls
 k - 2 scrolls of identify
Potions
 d - 3 potions of lignification {unknown}
 g - 6 potions of curing {unknown}
 h - a potion of heal wounds {unknown}
 i - 2 potions of haste {unknown}
 l - 2 potions of ambrosia {unknown}
 m - a potion of brilliance {unknown}
 p - 2 potions of might {unknown}


   Skills:
 + Level 6.6(6.3) Fighting
 + Level 1.2(0.9) Short Blades
 + Level 1.2(0.9) Long Blades
 + Level 4.6(4.4) Axes
 + Level 1.2(0.9) Maces & Flails
 + Level 1.2(0.9) Polearms
 + Level 1.2(0.9) Staves
 + Level 1.2(0.9) Slings
 + Level 1.2(0.9) Bows
 + Level 1.2(0.9) Crossbows
 + Level 1.2(0.9) Throwing
 + Level 4.6(4.4) Armour
 + Level 2.8(2.5) Dodging
 + Level 1.2(0.9) Stealth
 + Level 1.2(0.9) Shields
 + Level 1.2(0.9) Unarmed Combat
 + Level 1.2(0.9) Spellcasting
 + Level 1.0(0.7) Conjurations
 + Level 1.0(0.7) Hexes
 + Level 1.0(0.7) Summonings
 + Level 1.0(0.7) Necromancy
 + Level 1.0(0.7) Translocations
 + Level 1.0(0.7) Transmutations
 + Level 1.0(0.7) Fire Magic
 + Level 1.0(0.7) Ice Magic
 + Level 1.0(0.7) Air Magic
 + Level 1.0(0.7) Earth Magic
 + Level 1.0(0.7) Poison Magic
 + Level 4.7(4.5) Invocations
 + Level 1.2(0.9) Evocations


You had 5 spell levels left.
You didn't know any spells.
Your spell library was empty.

Dungeon Overview and Level Annotations

Branches:
Dungeon (3/15)

Altars:

Annotations:
D:3 Crazy Yiuf


Innate Abilities, Weirdness & Mutations

Your experience applies equally to all skills.
You have very sharp teeth.
Your uncanny sense of smell can sniff out nearby items.
Armour fits poorly on your strangely shaped body.


Message History

Crazy Yiuf hits you with a +3 quarterstaff of chaos!
Space warps horribly around you!
You hit Crazy Yiuf but do no damage.
Crazy Yiuf is almost dead.
Crazy Yiuf hits you but does no damage.
You hit Crazy Yiuf but do no damage.
Crazy Yiuf is almost dead.
Crazy Yiuf hits you but does no damage.
Your shield prevents you from hitting Crazy Yiuf.
Crazy Yiuf is almost dead.
Crazy Yiuf hits you with a +3 quarterstaff of chaos!
Crazy Yiuf burns you.
* * * LOW HITPOINT WARNING * * *
You closely miss Crazy Yiuf. You bite Crazy Yiuf.
Crazy Yiuf is almost dead.
Crazy Yiuf grits, "Key!
Dawk bush Hive."
Crazy Yiuf hits you with a +3 quarterstaff of chaos!
* * * LOW HITPOINT WARNING * * *
Space warps horribly around you!
You die...

..# ##.........# #
#.######..#######
# #....).....# #
########..## #####
# #..# #)..# #..##
#...# #...# *...*
###### #.### *#g#*
#..... #.# #@##
#.#### ########.#
##.# #[#
#........### #.##
#.# #(#####....#
##.# #.#
.....##....# ##.##
####.##
#..........#
##...# #.....##
####.##...##
#....# #.##.#.##
#.##...# #....#
#.#.###..
#......######..###
#..## ##.


You could see Crazy Yiuf.

Vanquished Creatures
  3 adders
  4 worms
  A dart slug (D:2)
  2 ball pythons (D:2)
  3 giant cockroaches
  5 goblins
  6 hobgoblins
  4 jackals (D:2)
  3 quokkas (D:3)
  4 bats
  7 frilled lizards
  8 kobolds
  3 rats
53 creatures vanquished.

Notes
Turn   | Place    | Note
-------+----------+-------------------------------------------
     0 | Abyss:1  | Gargoyl the Gnoll Abyssal Knight began the quest for the
                  | Orb.
     0 | Abyss:1  | Reached XP level 1. HP: 23/23 MP: 3/3
    41 | Abyss:1  | Noticed an ettin skeleton
    61 | Abyss:2  | Noticed an ancient lich
    87 | Abyss:2  | Noticed a ynoxinul
   134 | Abyss:2  | Noticed a neqoxec
   139 | Abyss:2  | Gained mutation: Armour fits poorly on your strangely
                  | shaped body. [a neqoxec]
   140 | D:1      | Escaped the Abyss
   293 | D:1      | Reached XP level 2. HP: 28/29 MP: 5/5
   466 | D:1      | Reached * piety under Lugonu
   777 | D:2      | Reached XP level 3. HP: 24/35 MP: 6/6
  1345 | D:2      | Reached skill level 1 in Short Blades
  1345 | D:2      | Reached skill level 1 in Long Blades
  1345 | D:2      | Reached skill level 1 in Maces & Flails
  1345 | D:2      | Reached skill level 1 in Polearms
  1345 | D:2      | Reached skill level 1 in Staves
  1345 | D:2      | Reached skill level 1 in Slings
  1345 | D:2      | Reached skill level 1 in Bows
  1345 | D:2      | Reached skill level 1 in Crossbows
  1345 | D:2      | Reached skill level 1 in Throwing
  1345 | D:2      | Reached skill level 1 in Stealth
  1345 | D:2      | Reached skill level 1 in Shields
  1345 | D:2      | Reached skill level 1 in Unarmed Combat
  1345 | D:2      | Reached skill level 1 in Spellcasting
  1345 | D:2      | Reached skill level 1 in Evocations
  1499 | D:2      | Reached XP level 4. HP: 38/41 MP: 7/7
  2450 | D:3      | Reached skill level 1 in Conjurations
  2450 | D:3      | Reached skill level 1 in Hexes
  2450 | D:3      | Reached skill level 1 in Summonings
  2450 | D:3      | Reached skill level 1 in Necromancy
  2450 | D:3      | Reached skill level 1 in Translocations
  2450 | D:3      | Reached skill level 1 in Transmutations
  2450 | D:3      | Reached skill level 1 in Fire Magic
  2450 | D:3      | Reached skill level 1 in Ice Magic
  2450 | D:3      | Reached skill level 1 in Air Magic
  2450 | D:3      | Reached skill level 1 in Earth Magic
  2450 | D:3      | Reached skill level 1 in Poison Magic
  2961 | D:3      | Found a runed translucent door.
  2962 | D:3      | Noticed Crazy Yiuf
  3086 | D:3      | Slain by Crazy Yiuf

Illustrated notes

Levels and vault maps discovered:
D:1:      grunt_arrival_crossed_arrows, layout_loops_ring, serial_bayou_crossing
D:2:      cheibrodos_helix_gallery, layout_basic
D:3:      layout_loops_corners, uniq_crazy_yiuf_cottage

Skill      XL: |  1  2  3  4 |
---------------+-------------+-----
Short Blades   | 1 |  1.2
Long Blades    | 1 |  1.2
Maces & Flails | 1 |  1.2
Polearms       | 1 |  1.2
Staves         | 1 |  1.2
Slings         | 1 |  1.2
Bows           | 1 |  1.2
Crossbows      | 1 |  1.2
Throwing       | 1 |  1.2
Stealth        | 1 |  1.2
Shields        | 1 |  1.2
Unarmed Combat | 1 |  1.2
Spellcasting   | 1 |  1.2
Evocations     | 1 |  1.2
Conjurations   | 1 |  1.0
Hexes          | 1 |  1.0
Summonings     | 1 |  1.0
Necromancy     | 1 |  1.0
Translocations | 1 |  1.0
Transmutations | 1 |  1.0
Fire Magic     | 1 |  1.0
Ice Magic      | 1 |  1.0
Air Magic      | 1 |  1.0
Earth Magic    | 1 |  1.0
Poison Magic   | 1 |  1.0
Fighting       | |  6.6
Axes           | |  4.6
Armour         | |  4.6
Dodging        | |  2.8
Invocations    | |  4.7

Action                   |  1- 3 |  4- 6 || total
-------------------------+-------+-------++-------
Melee: Hand axe          |   109 |    57 ||   166
       Bite              |    12 |     8 ||    20
       Trident           |       |    12 ||    12
Invok: Depart the Abyss  |     1 |       ||     1
  Use: Scroll            |     3 |     5 ||     8
Armor: Chain mail        |    66 |    36 ||   102
Dodge: Dodged            |    18 |     9 ||    27
Block: Kite shield       |    50 |    18 ||    68

Table legend: (Time is in decaauts)
 A = Elapsed time spent in this place.
 B = Non-inter-level travel time spent in this place.
 C = Inter-level travel time spent in this place.
 D = Time resting spent in this place.
 E = Time spent auto-exploring this place.
 F = Levels seen in this place.
 G = Mean time per level.
                   A        B        C        D        E       F      G
               +--------+--------+--------+--------+--------+-----+--------+
         Total |   3127 |   3095 |     32 |    589 |   1880 |   5 |  625.4 |
       Dungeon |   2985 |   2953 |     32 |    589 |   1827 |   3 |  995.0 |
         Abyss |    142 |    142 |      0 |      0 |     53 |   2 |   71.0 |
               +--------+--------+--------+--------+--------+-----+--------+

Top non-repeatable levels by time:
     D:2: 1318 daAuts
     D:3: 1036 daAuts
     D:1: 630 daAuts
 Abyss:2: 98 daAuts
 Abyss:1: 44 daAuts
